Map: Catalyst LE

Players

KaasGrater - Winner!

  • Race: Protoss Protoss
  • League: Diamond
  • Spawn Location: 5:00

A.I. 1 (Easy)

  • Race: Protoss Protoss
  • Spawn Location: 11:00

VOD

Have the link to the VOD?

Description

Time

  • Played on: Aug. 2, 2018, 7:17 a.m.
  • Length: 5:31
Show
View Real Time Build Order
Export as new Build Order

KaasGrater Protoss - Winner!

Build Orders: Phoenix Opening 

Get SALT Encoding   

  12  0:00  Probe  
  13  0:12  Probe  
  14  0:18  Pylon  
  14  0:24  Probe  
  15  0:35  Probe  
  15  0:37  Gateway  
  16  0:43  Probe  
  17  0:50  Assimilator  
  17  0:55  Assimilator  
  17  0:56  Probe  
  18  1:08  Probe  
  19  1:21  Gateway, Probe  
  20  1:27  Cybernetics Core  
  20  1:33  Probe  
  21  1:44  Pylon  
  21  1:45  Probe  
  22  1:58  Warp Gate, Probe  
  23  2:08  Stalker  
  23  2:11  Stalker  
  27  2:24  Stargate  
  27  2:31  Pylon  
  27  2:40  Stalker  
  27  2:43  Stalker  
  31  2:59  Phoenix  
  31  3:00  Gateway  
  33  3:14  Pylon  
  33  3:18  Phoenix  
  35  3:37  Phoenix  
  37  4:00  Stalker x2  
  37  4:01  Stalker  
  43  4:16  Pylon  
  43  4:19  Pylon  
  41  4:34  Stalker x2  
  41  4:35  Stalker  
  47  4:58  Stalker  
  47  4:59  Stalker  
  51  5:00  Pylon  
  51  5:15  Stalker  
Show
View Real Time Build Order
Export as new Build Order

A.I. 1 (Easy) Protoss 

Build Orders:  

Get SALT Encoding   

  12  0:00  Probe  
  13  0:13  Probe  
  14  0:20  Pylon  
  14  0:25  Probe  
  15  0:35  Probe  
  16  0:44  Assimilator  
  16  0:50  Gateway  
  16  0:53  Pylon  
  16  1:18  Assimilator  
  16  1:31  Zealot  
  18  1:41  Cybernetics Core  
  18  1:45  Probe  
  19  1:57  Pylon  
  19  2:00  Probe  
  19  2:07  Warp Gate  
  19  2:08  Probe  
  21  2:16  Probe  
  21  2:17  Adept  
  24  2:28  Probe  
  25  2:40  Probe  
  26  2:44  Stalker  
  28  3:15  Adept  
  30  4:17  Stalker  
  30  4:20  Pylon  
  24  4:33  Zealot  
  24  4:42  Probe  
  20  4:51  Zealot  
  15  4:54  Probe  
  8  5:04  Probe  
  6  5:12  Probe  
Tags
 
League
Diamond
Matchup
PvP
Spawn Locations
Cross Positions
Add a new tag
Caveats
  • Supply blocks, unpowered buildings, or Contaminate may cause inaccurate times.
  • Supply counts are checked every 10 seconds.